 Dungeon Crawl Stone Soup version 0.25.0-46-gbd7b085 (webtiles) character file.

Game seed: 17405455348272736546

13866 0gre the Cleaver (level 11, -3/100 HPs)
             Began as a Minotaur Berserker on July 13, 2020.
             Was a High Priest of Trog.
             Slain by an orc warrior
             ... wielding a +0 war axe
              (13 damage)
             ... in a bailey on July 14, 2020.
             The game lasted 00:53:18 (11863 turns).

0gre the Cleaver (Minotaur Berserker)              Turns: 11863, Time: 00:53:19

Health: -3/100     AC: 17    Str: 25    XL:     11   Next: 81%
Magic:  10/10      EV: 11    Int:  4    God:    Trog [*****.]
Gold:   574        SH:  0    Dex: 16    Spells: 10/10 levels left

rFire    . . .     SeeInvis .   a - +2 battleaxe (flame)
rCold    . . .     Gourm    .   (shield currently unavailable)
rNeg     . . .     Faith    .   s - +0 chain mail
rPois    .         Spirit   .   (helmet restricted)
rElec    .         Reflect  .   t - +2 cloak
rCorr    .         Harm     .   G - +0 pair of gloves
MR       ++...                  (no boots)
Stlth    ..........             (no amulet)
HPRegen  1.26/turn              u - +6 ring of dexterity
MPRegen  0.12/turn              (no ring)

@: regenerating
A: retaliatory headbutt, horns 2
a: Berserk, Trog's Hand, Brothers in Arms, Renounce Religion


You were in a bailey.
You worshipped Trog.
Trog was extremely pleased with you.
You were very hungry.

You visited 1 branch of the dungeon, and saw 11 of its levels.
You also visited: Bailey.

You collected 574 gold pieces.

Inventory:

Hand Weapons
 a - a +2 battleaxe of flaming (weapon)
 b - a +2 shortbow of freezing
Missiles
 h - 200 stones
 l - 62 arrows
 w - 11 boomerangs
 L - 8 poisoned darts (quivered)
Armour
 s - a +0 chain mail (worn)
 t - a +2 cloak (worn)
 G - a +0 pair of gloves (worn)
Jewellery
 k - an uncursed ring of ice
 u - a +6 ring of dexterity (left hand)
Wands
 m - a wand of iceblast (22)
 I - a wand of paralysis (17)
 J - a wand of polymorph (7)
Scrolls
 f - 2 scrolls of fog
 p - a scroll of blinking
 r - 5 scrolls of remove curse
 v - 3 scrolls of teleportation
 B - 2 scrolls of magic mapping
Potions
 e - 2 potions of might {unknown}
 g - 2 potions of magic {unknown}
 i - 2 potions of lignification
 n - 5 potions of flight
 o - 2 potions of ambrosia {unknown}
 q - 3 potions of stabbing {unknown}
 A - 2 potions of invisibility
 C - 3 potions of haste {unknown}
 F - a potion of brilliance {unknown}
 H - 2 potions of heal wounds {unknown}
 K - 2 potions of cancellation {unknown}
 M - 4 potions of curing
 N - a potion of resistance
Comestibles
 c - 4 chunks of flesh
 z - 11 rations


   Skills:
 + Level 10.3 Fighting
 + Level 13.2 Axes
 + Level 9.2 Bows
 + Level 3.4 Throwing
 + Level 11.4 Armour
 + Level 4.3 Dodging
 + Level 0.1 Evocations


You had 10 spell levels left.
You didn't know any spells.
Your spell library was empty.

Dungeon Overview and Level Annotations

Branches:
Dungeon (11/15)            Temple (0/1) D:5            Lair (0/6) D:10
    Orc (0/2) D:10         Bailey (1/1)

Altars:
Ashenzari
Dithmenos
Elyvilon
Nemelex Xobeh
Sif Muna
Uskayaw
Vehumet
Xom
The Shining One

Shops:
D:5 }}


Innate Abilities, Weirdness & Mutations

You reflexively headbutt those who attack you in melee.
You have a pair of horns on your head.


Message History

A goblin comes into view. It is wielding a +0 hand axe.
Things that are here:
a +0 hand axe; a +0 leather armour; an orc corpse You hit the hobgoblin.
You burn the hobgoblin.
You kill the hobgoblin!
Trog accepts your kill.
Your ogre completely misses the orc.
You hit the orc warrior. You burn the orc warrior.
You headbutt the orc warrior!
The orc warrior is heavily wounded.
Your ogre hits the orc with a +0 giant spiked club!
The orc dies!
Trog accepts your kill. The orc warrior closely misses you.
A goblin comes into view. It is wielding a +0 hand axe.
You slash the orc warrior! You burn the orc warrior.
The orc warrior is almost dead.
Your ogre closely misses the orc warrior.
The orc warrior hits you with a +0 war axe!
You die...

≈≈≈≈≈≈≈≈≈≈...≈≈≈≈≈≈≈
≈≈≈≈≈≈≈≈≈≈...≈≈≈≈≈≈≈
≈≈≈≈≈≈≈≈≈≈...≈≈≈≈≈≈≈
≈≈≈≈≈≈≈≈≈≈...≈≈≈≈≈≈≈
######≈≈≈≈...≈≈≈≈###
#...........#
#####'''#####
#..'.)))))..#
#..g.g)@oO..#
#..#..⌠..#..####
#.....#.....#
#.....#.g.8.#
#######.o...#
###o8.# ..oo...o..#
...o...o8g#
.g..).....+


You could see an orc warrior, 2 goblins and a friendly ogre (summoned, berserk).

Vanquished Creatures
  A catoblepas (D:8)
  3 two-headed ogres
  A manticore (D:10)
  2 ugly things
  Maggie (D:6)
  2 trolls
  Prince Ribbit (D:9)
  5 slime creatures (D:7)
  11 yaks (D:11)
  A wyvern (D:10)
  A hungry ghost (D:7)
  Edmund (D:4)
  An acid dragon (D:10)
  A water moccasin (D:11)
  A black bear (D:9)
  2 ice beasts
  2 phantoms
  7 ogres
  7 orc warriors
  A necrophage (D:10)
  3 boggarts (D:11)
  2 centaurs
  2 big kobolds
  A crocodile (D:10)
  5 bullfrogs
  A wyvern zombie (D:9)
  A wyvern skeleton (D:10)
  8 scorpions
  4 killer bees (D:8)
  3 electric eels
  2 howler monkeys
  4 wights (D:10)
  4 crimson imps
  2 bullfrog zombies
  A quasit (D:7)
  Crazy Yiuf (D:5)
  2 bullfrog skeletons
  3 hounds
  A jelly (D:7)
  12 orc wizards
  8 orc priests
  A centaur skeleton (D:4)
  Jessica (D:3)
  Terence (D:2)
  An iguana (D:4)
  8 worker ants
  A worker ant zombie (D:7)
  8 gnolls
  7 adders
  An ooze (D:3)
  An adder skeleton (D:4)
  4 worms
  A dart slug (D:2)
  2 leopard geckos
  41 orcs
  3 giant cockroaches
  17 hobgoblins
  10 jackals
  3 quokkas
  7 bats
  4 frilled lizards
  19 goblins
  17 kobolds
  A leopard gecko skeleton (D:5)
  A quokka skeleton (D:10)
  5 rats
287 creatures vanquished.

Vanquished Creatures (collateral kills)
  2 orc high priests (Bailey)
  An orc (Bailey)
3 creatures vanquished.

Grand Total: 290 creatures vanquished

Notes
Turn   | Place    | Note
-------+----------+-------------------------------------------
     0 | D:1      | 0gre the Minotaur Berserker began the quest for the Orb.
     0 | D:1      | Reached XP level 1. HP: 19/19 MP: 0/0
   173 | D:1      | Reached XP level 2. HP: 15/27 MP: 1/1
   391 | D:1      | Reached skill level 4 in Axes
   778 | D:2      | Found a shimmering blue altar of Sif Muna.
   954 | D:2      | Reached XP level 3. HP: 33/33 MP: 2/2
   964 | D:2      | Found a faded altar of an unknown god.
  1025 | D:2      | Reached ** piety under Trog
  1251 | D:2      | Found a shimmering altar of Xom.
  1400 | D:2      | Noticed Terence
  1408 | D:2      | Reached XP level 4. HP: 38/41 MP: 3/3
  1424 | D:2      | Killed Terence
  2219 | D:3      | Noticed Jessica
  2222 | D:3      | Killed Jessica
  2299 | D:3      | Reached skill level 5 in Axes
  2299 | D:3      | Reached XP level 5. HP: 45/47 MP: 4/4
  2429 | D:3      | Reached skill level 1 in Throwing
  2541 | D:3      | Reached *** piety under Trog
  2945 | D:3      | Found a glowing golden altar of the Shining One.
  3117 | D:4      | Noticed Edmund
  3118 | D:4      | Reached XP level 6. HP: 39/55 MP: 5/5
  3125 | D:4      | HP: 4/82 [Edmund/+1 dire flail of protection (9)]
  3126 | D:4      | Killed Edmund
  3126 | D:4      | Reached skill level 5 in Fighting
  3126 | D:4      | Reached skill level 6 in Axes
  3126 | D:4      | Reached skill level 5 in Armour
  3578 | D:4      | Reached XP level 7. HP: 59/61 MP: 6/6
  3863 | D:5      | Entered Level 5 of the Dungeon
  3998 | D:5      | Reached skill level 7 in Axes
  4112 | D:5      | Found Rios's Gadget Shoppe.
  4451 | D:5      | Found Gilish's Gadget Shoppe.
  4525 | D:5      | Found a staircase to the Ecumenical Temple.
  4695 | D:5      | Found a runed translucent door.
  4696 | D:5      | Noticed Crazy Yiuf
  4704 | D:5      | Killed Crazy Yiuf
  4978 | D:6      | Noticed Maggie
  4992 | D:6      | Killed Maggie
  4992 | D:6      | Reached skill level 8 in Axes
  4992 | D:6      | Reached skill level 1 in Bows
  4992 | D:6      | Reached XP level 8. HP: 30/70 MP: 7/7
  5703 | D:6      | Found a radiant altar of Vehumet.
  5810 | D:7      | Got an ichor-stained hand axe
  5811 | D:7      | Identified the cursed +1 hand axe "Hiavel" {vorpal, Stlth+}
                  | (You found it on level 7 of the Dungeon)
  5911 | D:7      | Reached **** piety under Trog
  5967 | D:7      | Noticed a +0 hand axe
  5968 | D:7      | Noticed a +0 dagger
  5968 | D:7      | Noticed a slime creature
  5969 | D:7      | Found a hide-covered altar of Uskayaw.
  5970 | D:7      | Noticed a slime creature
  5970 | D:7      | Noticed a slime creature
  5970 | D:7      | Noticed a slime creature
  5978 | D:7      | Killed a slime creature
  5978 | D:7      | Reached skill level 9 in Axes
  6018 | D:7      | Killed a slime creature
  6019 | D:7      | Killed a slime creature
  6019 | D:7      | Reached XP level 9. HP: 39/78 MP: 8/8
  6328 | D:7      | Reached skill level 5 in Bows
  6431 | D:7      | Found a white marble altar of Elyvilon.
  6431 | D:7      | Found a shattered altar of Ashenzari.
  6432 | D:7      | Found a shadowy altar of Dithmenos.
  6535 | D:7      | Found a sparkling altar of Nemelex Xobeh.
  6966 | D:8      | Reached skill level 10 in Axes
  7216 | D:8      | Noticed a two-headed ogre
  7237 | D:8      | Killed a two-headed ogre
  7237 | D:8      | Reached XP level 10. HP: 38/86 MP: 9/9
  7894 | D:8      | Noticed a catoblepas
  7924 | D:8      | Killed a catoblepas
  8256 | D:9      | Reached skill level 11 in Axes
  8261 | D:9      | Noticed a red ugly thing
  8271 | D:9      | Killed a red ugly thing
  8550 | D:9      | Reached ***** piety under Trog
  8936 | D:9      | Noticed Prince Ribbit
  8950 | D:9      | Killed Prince Ribbit
  9187 | D:10     | Entered Level 10 of the Dungeon
  9218 | D:10     | Reached skill level 10 in Armour
  9507 | D:10     | Found a staircase to the Orcish Mines.
  9688 | D:10     | Noticed a manticore
  9702 | D:10     | Killed a manticore
  9814 | D:10     | Reached XP level 11. HP: 97/97 MP: 10/10
  9928 | D:10     | Noticed a two-headed ogre
  9939 | D:10     | Killed a two-headed ogre
 10072 | D:10     | Found a staircase to the Lair.
 11124 | D:11     | Reached skill level 12 in Axes
 11347 | D:11     | Noticed a two-headed ogre
 11347 | D:11     | Noticed a green ugly thing
 11363 | D:11     | Killed a green ugly thing
 11363 | D:11     | Received a gift from Trog
 11367 | D:11     | Killed a two-headed ogre
 11379 | D:11     | Reached skill level 10 in Fighting
 11578 | D:11     | Found a flagged portal.
 11583 | Bailey   | Entered a bailey
 11831 | Bailey   | Found an iron altar of Okawaru.
 11831 | Bailey   | Noticed an orc high priest
 11831 | Bailey   | Noticed an orc high priest
 11857 | Bailey   | HP: 3/99 [orc high priest/divine providence (12)]
 11858 | Bailey   | Killed an orc high priest
 11858 | Bailey   | Reached skill level 13 in Axes
 11859 | Bailey   | Killed an orc high priest
 11863 | Bailey   | Slain by an orc warrior

Illustrated notes

Levels and vault maps discovered:
D:1:      lightli_arrival_maybe_door_vault, layout_loops_cross
D:2:      layout_basic, brannock_xom_greatest_gift, lemuel_round_altar,
          chequers_ecumenical_altar_island, uniq_terence
D:3:      cheibrodos_greedy_goblins, layout_loops_ring,
          nicolae_overflow_hidden_temple, hangedman_decor_growths, uniq_jessica
D:4:      layout_loops_ring, first_ration, uniq_edmund
D:5:      layout_loops_corners, lemuel_temple_firewalk_b, serial_shops,
          shop_statue, nicolae_shop_crystal, uniq_crazy_yiuf_cottage
D:6:      layout_loops_cross, kennysheep_little_box, uniq_maggie
D:7:      layout_basic, nemelex_altar_shiori,
          chequers_temple_overflow_statue_of_worship, dancing_weapons_uskayaw
D:8:      layout_loops_ring
D:9:      layout_roguey, uniq_prince_ribbit1
D:10:     layout_basic, lair_entry_dummy, erik_orc_2
D:11:     layout_loops_ring, enter_bailey_3
Bailey:   bailey_axe_of_yendor_kennysheep, bailey

Skill      XL: |  1  2  3  4  5  6  7  8  9 10 11 |
---------------+----------------------------------+-----
Axes           | 4 5 6 8 9 10 11 13 | 13.2
Fighting       | 4 5 6 7 9 10 | 10.3
Armour         | 3 4 5 6 7 8 10 11 | 11.4
Throwing       | 1 2 3 |  3.4
Dodging        | 3 4 |  4.3
Bows           | 1 4 6 8 9 |  9.2
Evocations     | |  0.1

Action                   |  1- 3 |  4- 6 |  7- 9 | 10-12 || total
-------------------------+-------+-------+-------+-------++-------
Melee: Hand axe          |    78 |    83 |       |       ||   161
       Headbutt          |     8 |    17 |    34 |    84 ||   143
       War axe           |       |    29 |   131 |   129 ||   289
       Battleaxe         |       |       |       |   151 ||   151
 Fire: Shortbow          |       |       |    50 |   136 ||   186
Throw: Stone             |    34 |    30 |     1 |       ||    65
       Boomerang         |       |       |    16 |       ||    16
       Dart              |       |       |       |    10 ||    10
Invok: Berserk           |       |     2 |     2 |     2 ||     6
       Trog's Hand       |       |       |       |     2 ||     2
       Brothers in Arms  |       |       |       |     1 ||     1
Evoke: Wand              |       |       |       |     2 ||     2
  Use: Scroll            |       |     9 |     2 |     7 ||    18
       Potion            |       |       |       |     2 ||     2
  Eat: Chunk             |     2 |     8 |    10 |    10 ||    30
       Ration            |       |       |     2 |     2 ||     4
Armor: Ring mail         |    34 |       |       |       ||    34
       Chain mail        |     8 |    49 |    74 |   129 ||   260
Dodge: Dodged            |    74 |    49 |    82 |   142 ||   347
